 Dungeon Crawl Stone Soup version 0.21-a0-417-g0adc95b (webtiles) character file.

112 Stibbins the Firebug (level 4, 0/39 HPs)
             Began as an Ogre Fire Elementalist on Nov 3, 2017.
             Slain by a quokka (2 damage)
             ... on level 3 of the Dungeon.
             The game lasted 00:19:45 (2791 turns).

Stibbins the Firebug (Ogre Fire Elementalist)       Turns: 2791, Time: 00:19:45

Health: 0/39       AC:  3    Str: 12    XL:     4   Next: 93%
Magic:  2/8        EV: 15    Int: 17    God:
Gold:   118        SH:  0    Dex: 14    Spells: 3/9 levels left

rFire    + . .     SeeInvis .   e - +0 club
rCold    + . .     Gourm    .   (no shield)
rNeg     . . .     Faith    .   a - +0 robe
rPois    +         Spirit   .   (helmet restricted)
rElec    +         Reflect  .   (no cloak)
rCorr    +         Harm     .   (gloves unavailable)
MR       .....                  (boots unavailable)
Stlth    +++.......             (no amulet)
HPRegen  0.13/turn              (no ring)
MPRegen  0.11/turn              (no ring)

@: agile, resistant
A: unfitting armour, tough skin 1
a: no special abilities


You were on level 3 of the Dungeon.
You were not hungry.

You visited 1 branch of the dungeon, and saw 3 of its levels.

You collected 118 gold pieces.

Inventory:

Hand Weapons
 e - a +0 club (weapon)
Armour
 a - a +0 robe (worn)
Wands
 r - a wand of paralysis (24/24)
Scrolls
 l - a scroll of identify
 q - a scroll of amnesia
Potions
 d - a potion of berserk rage {unknown}
 h - a potion of lignification {unknown}
 k - a potion of brilliance {unknown}
 o - a potion of curing {unknown}
Books
 b - a book of Flames

   Spells                             Type                      Level
   a - Flame Tongue                   Conjuration/Fire             1
   b - Throw Flame                    Conjuration/Fire             2
   c - Conjure Flame                  Conjuration/Fire             3
   d - Inner Flame                    Hexes/Fire                   3
   e - Sticky Flame                   Conjuration/Fire             4
   f - Fireball                       Conjuration/Fire             5
Comestibles
 c - a bread ration
 i - a meat ration


   Skills:
 - Level 1.9 Dodging
 + Level 2.0 Stealth
 + Level 3.2 Spellcasting
 + Level 1.3 Conjurations
 * Level 4.0 Fire Magic


You had 3 spell levels left.
You knew the following spells:

 Your Spells              Type           Power        Failure   Level  Hunger
a - Flame Tongue          Conj/Fire      ##...        5%          1    None
b - Throw Flame           Conj/Fire      ##....       9%          2    ##.....
c - Conjure Flame         Conj/Fire      ##......     17%         3    ###....


Dungeon Overview and Level Annotations

Branches:
Dungeon (3/15)

Altars:
Okawaru


Innate Abilities, Weirdness & Mutations

You are too large for most types of armour.
You have tough skin. (AC +1)


Message History

The quokka barely misses you. The quokka bites you.
* * * LOW HITPOINT WARNING * * *
Casting: Throw Flame
Confirm with . or Enter, or press ? or * to list all spells.
You don't have enough magic to cast that spell.
The quokka bites you.
* * * LOW HITPOINT WARNING * * *
You feel sick.
It was a potion of agility.
You feel agile all of a sudden. The quokka bites you.
* * * LOW HITPOINT WARNING * * *
The quokka closely misses you.
You feel sick.
You are no longer poisoned.
It was a potion of resistance.
You feel protected. The quokka bites you.
You die...

.....##...# ..........#
###.##....## ######
#.##.....## ##....#
#.##.#....# #....)#
#####.##.##...###..)..#
..............#รท......#
..........###.##>.....#
..........# #.##@######
...(......# #..#r#
..........####.#.####
..........##........#
############.......>#
#........# #........#
#........# ##########


You could see a quokka.

Vanquished Creatures
  Jessica (D:2)
  Robin (D:2)
  An adder (D:3)
  2 dart slugs
  2 leopard geckos
  2 ball pythons (D:1)
  4 giant cockroaches
  14 goblins
  10 hobgoblins
  3 kobolds
  3 bats
  6 frilled lizards
  8 rats
57 creatures vanquished.

Notes
Turn   | Place    | Note
-------+----------+-------------------------------------------
     0 | D:1      | Stibbins the Ogre Fire Elementalist began the quest for the Orb.
     0 | D:1      | Reached XP level 1. HP: 16/16 MP: 3/3
   136 | D:1      | Reached skill level 3 in Fire Magic
   163 | D:1      | Reached XP level 2. HP: 20/24 MP: 3/5
   923 | D:1      | Reached skill level 1 in Conjurations
   923 | D:1      | Reached XP level 3. HP: 25/31 MP: 6/6
  1178 | D:2      | Noticed Jessica
  1182 | D:2      | Killed Jessica
  1189 | D:2      | Reached XP level 4. HP: 39/39 MP: 2/8
  1246 | D:2      | Found an iron altar of Okawaru.
  1344 | D:2      | Learned a level 2 spell: Throw Flame
  1348 | D:2      | Learned a level 3 spell: Inner Flame
  1625 | D:2      | Noticed Robin
  1885 | D:2      | Killed Robin
  2732 | D:3      | Learned a level 3 spell: Conjure Flame
  2763 | D:3      | Reached skill level 4 in Fire Magic
  2791 | D:3      | Slain by a quokka

Vault maps used:
D:1:      eino_arrival_cavern_a
D:2:      okawaru_metal_pillars_1_2, uniq_jessica, uniq_robin
D:3:      chequers_temple_overflow_minitemple,
          nicolae_gozag_cash_rules_everything_around_me, uniq_terence

Skill      XL: |  1  2  3  4 |
---------------+-------------+-----
Fire Magic     | 3 4 |  4.0
Conjurations   | 1 |  1.3
Spellcasting   | 3 |  3.2
Stealth        | 2 |  2.0
Dodging        | |  1.9

Action                   |  1- 3 |  4- 6 || total
-------------------------+-------+-------++-------
Melee: Club              |    43 |    27 ||    70
       Unarmed           |     1 |       ||     1
 Cast: Flame Tongue      |    32 |     5 ||    37
       Throw Flame       |       |    30 ||    30
       Inner Flame       |       |     1 ||     1
  Use: Scroll            |       |     5 ||     5
       Potion            |       |     2 ||     2
 Stab: Sleeping          |     3 |     3 ||     6
  Eat: Chunk             |     1 |     7 ||     8
Armor: Robe              |    15 |     7 ||    22
Dodge: Dodged            |    29 |    39 ||    68

Table legend:
 A = Spawn XP
 B = Non-spawn XP
 C = Spawn XP percentage of total XP
 D = Spawn monster count
 E = Non-spawn monster count
 F = Spawn count percentage of total count
 G = Total turns spent on level
                    A         B        C        D         E        F      G
               +---------+---------+-------+---------+---------+-------+---------
         Total |       0 |     160 |   0.0 |       0 |      57 |   0.0 |  2791
               +---------+---------+-------+---------+---------+-------+---------
           D:1 |       0 |      42 |   0.0 |       0 |      25 |   0.0 |  1295
           D:2 |       0 |      99 |   0.0 |       0 |      28 |   0.0 |  1311
           D:3 |       0 |      19 |   0.0 |       0 |       4 |   0.0 |   185
               +---------+---------+-------+---------+---------+-------+---------
